 Dungeon Crawl Stone Soup version 0.30.0-10-gfe55d96785 (webtiles) character file.

Game seed: 3168065809611882336

17 Persephone the Magician (level 2, -1/22 HPs)
             Began as a Djinni Fire Elementalist on May 13, 2023.
             Slain by a jackal (2 damage)
             ... on level 1 of the Dungeon.
             The game lasted 00:01:23 (265 turns).

Persephone the Magician (Djinni Fire Elementalist)   Turns: 265, Time: 00:01:24

Health: -1/22      AC:  2    Str:  7    XL:     2   Next: 80%
Gold:   26         EV: 12    Int: 16    God:
                   SH:  0    Dex: 19

rFire   + + +        e - staff of fire
rCold   x . .        (no shield)
rNeg    . . .        a - +0 robe
rPois   ∞            (no helmet)
rElec   .            (no cloak)
rCorr   .            (no gloves)
SInv    .            (boots unavailable)
Will    .....        (no amulet)
Stlth   ++           f - +6 ring of dexterity
HPRegen 0.23/turn    (no ring)
MPRegen 0.00/turn

%: infuse magic (-2 HP)
@: flying
A: sickness immunity, fire resistance 2, cold vulnerability 1, float, innate
caster, HP casting, extra vitality 1
a: no special abilities


You were on level 1 of the Dungeon.
You visited 1 branch of the dungeon, and saw 1 of its levels.

You collected 26 gold pieces.

Inventory:

Armour
 a - a +0 robe (worn)
Magical Staves
 e - a staff of fire (weapon)
Jewellery
 f - a +6 ring of dexterity (left hand)
Scrolls
 d - 2 scrolls of fog {unknown}


   Skills:
 + Level 1.4 Fighting
 - Level 2.1 Dodging
 - Level 1.5 Stealth
 + Level 2.7 Spellcasting


You knew the following spells:

 Your Spells              Type           Power      Damage    Failure   Level
a - Foxfire               Conj/Fire      64%        2x1d7     6%          1
b - Scorch                Fire           32%        2d6       10%         2
c - Volatile Blastmotes   Fire/Tloc      32%        2d12      19%         3
d - Inner Flame           Hex/Fire       16%        N/A       19%         3
e - Flame Wave            Conj/Fire      16%        2d7       52%         4
Your spell library was empty.

Dungeon Overview and Level Annotations

Branches:
Dungeon (1/15)

Altars:


Innate Abilities, Weirdness & Mutations

You are immune to sickness and miasma.
You are immune to poison.
Your flesh is very heat resistant. (rF++)
You are vulnerable to cold. (rC-)
You float through the air rather than walking.
You learn spells naturally, not from books.
Your magical power is your life essence.
You have superior vitality. (+4 MHP)


Message History

The jackal bites you but does no damage.
The jackal barely misses you. x2
A dart slug comes into view.
The goblin hits you but does no damage.
You feel a surge of power!
You conjure some foxfire!
The foxfire hits the jackal.
The jackal is almost dead.
The jackal bites you. The jackal misses you.
The goblin hits you with a +0 dagger.
You are too injured to fight recklessly!
You are too injured to fight recklessly!
Unknown command.
You hit the jackal.
You kill the jackal!
The foxfire hits the jackal.
The jackal is severely wounded.
The jackal misses you. x2; The jackal bites you. x2
The goblin hits you but does no damage.
You hit the jackal but do no damage.
The jackal is almost dead.
The jackal bites you but does no damage.
The jackal closely misses you. The goblin hits you with a +0 dagger.
The jackal bites you.
* * * LOW HITPOINT WARNING * * *
The jackal bites you but does no damage.
The goblin attacks as you move away! The goblin hits you with a +0 dagger.
* * * LOW HITPOINT WARNING * * *
Sorry, you're not good enough to have a special ability.
It was a potion of curing.
You feel better. The jackal barely misses you. The jackal bites you.
* * * LOW HITPOINT WARNING * * *
The jackal barely misses you. The jackal bites you.
* * * LOW HITPOINT WARNING * * *
It was a potion of magic.
Magic washes over you without effect. The jackal bites you.
* * * LOW HITPOINT WARNING * * *
The jackal bites you.
* * * LOW HITPOINT WARNING * * *
The jackal attacks as you move away! The jackal bites you.
You die...

..##
#.#...........#
..#
#.#......####.#
.## #.#......##
##
#####...###.# #
###.....#
#.##### # #..#
#.###..#
.##.....@#
.......hh#
.##?(..wJg....#
.....#..#...#.#
.##.....#>....#
#.##..#.#.#.# #
#(.........
...#.# ..#.
....#.. ..#


You could see a dart slug, an endoplasm, 2 jackals and a goblin.

Vanquished Creatures
  A dart slug (D:1)
  A ball python (D:1)
  3 bats (D:1)
  An endoplasm (D:1)
  3 giant cockroaches (D:1)
  A goblin (D:1)
  A jackal (D:1)
  A kobold (D:1)
  A rat (D:1)
13 creatures vanquished.

Vanquished Creatures (others)
  14 foxfires (D:1)
14 creatures vanquished.

Grand Total: 27 creatures vanquished

Notes
Turn   | Place    | Note
-------+----------+-------------------------------------------
     0 | D:1      | Persephone the Djinni Fire Elementalist began the quest for
                  | the Orb.
     0 | D:1      | Persephone set off with the following spells memorised:
                  | Foxfire, Scorch, Volatile Blastmotes, Inner Flame, Flame
                  | Wave.
     0 | D:1      | Reached XP level 1. HP: 15/15 MP: 0/0
    72 | D:1      | Reached skill level 1 in Fighting
    72 | D:1      | Reached XP level 2. HP: 19/22 MP: 0/0
   264 | D:1      | HP: 1/22 [jackal (1)]
   265 | D:1      | Slain by a jackal

Illustrated notes

Levels and vault maps discovered:
D:1:      minmay_arrival_loop, layout_basic, roderic_roman_lattice

Skill      XL: |  1 |
---------------+----+-----
Fighting       | 1 |  1.4
Dodging        | |  2.1
Stealth        | |  1.5
Spellcasting   | |  2.7

Action                     || total
---------------------------++-------
  Melee: Staff             ||    33
   Cast: Foxfire           ||    12
    Use: Potion            ||     2
   Stab: Sleeping          ||     1
 Armour: Robe              ||    16
  Dodge: Dodged            ||    45
